 Dungeon Crawl Stone Soup version 0.25-a0-614-g73ad250637 (webtiles) character file.

Game seed: 8350817314726741846, levelgen mode: deterministic

1080 Amnesiac the Quickloader (level 8, -7/55 HPs)
             Began as a Spriggan Hunter on Mar 17, 2020.
             Mangled by a centaur (9 damage)
             ... on level 5 of the Dungeon.
             The game lasted 00:14:27 (7396 turns).

Amnesiac the Quickloader (Spriggan Hunter)          Turns: 7396, Time: 00:14:27

Health: -7/55      AC:  2    Str: 10    XL:     8   Next: 8%
Magic:  9/9        EV: 23    Int: 12    God:
Gold:   187        SH:  2    Dex: 17    Spells: 7/7 levels left

rFire    . . .     SeeInvis +   b - +2 dagger (elec)
rCold    . . .     Gourm    .   (shield restricted)
rNeg     . . .     Faith    .   c - +0 robe
rPois    .         Spirit   .   (helmet restricted)
rElec    .         Reflect  +   (no cloak)
rCorr    .         Harm     .   (gloves unavailable)
MR       +....                  (boots unavailable)
Stlth    ..........             d - +2 amulet of reflection
HPRegen  0.18/turn              (no ring)
MPRegen  0.11/turn              (no ring)

@: berserking, very quick
A: very small, unfitting armour, see invisible, herbivore, speed 3, slow
metabolism 2
a: no special abilities


You were on level 5 of the Dungeon.
You were not hungry.

You visited 1 branch of the dungeon, and saw 5 of its levels.

You collected 187 gold pieces.

Inventory:

Hand Weapons
 a - a +1 hand crossbow
 b - a +2 dagger of electrocution (weapon)
 w - a +0 short sword
Missiles
 e - 5 stones
 i - 3 bolts
 j - 2 atropa-tipped darts
 s - 12 poisoned darts (quivered)
Armour
 c - a +0 robe (worn)
Jewellery
 d - a +2 amulet of reflection (around neck)
 h - an uncursed ring of ice
Wands
 n - a wand of random effects (12)
Scrolls
 g - 4 scrolls of teleportation {!r}
 l - 2 scrolls of remove curse {!r}
 m - a scroll of fog {!r}
 o - 5 scrolls of identify {!r}
 r - a scroll of enchant armour {!r}
Potions
 k - a potion of mutation {!q}
 p - a potion of haste {!q}
Comestibles
 f - 6 rations


   Skills:
 - Level 1.5 Fighting
 + Level 2.3 Short Blades
 * Level 8.6 Crossbows
 - Level 8.0 Dodging
 - Level 1.5 Stealth


You had 7 spell levels left.
You didn't know any spells.
Your spell library contained the following spells:

 Spells                   Type           Power        Failure   Level  Hunger
 Magic Dart               Conj           #...         32%         1    ##.....
 Searing Ray              Conj           #.....       45%         2    ###....
 Dazzling Flash           Conj/Hex       #.....       69%         3    ####...
 Fulminant Prism          Conj/Hex       #.........   97%         4    #####..
 Iskenderun's Mystic Bla  Conj/Tloc      #.......     97%         4    #####..


Dungeon Overview and Level Annotations

Branches:
Dungeon (5/15)
 Temple: D:4-7

Altars:
Elyvilon


Innate Abilities, Weirdness & Mutations

You are very small and have problems with some larger weapons.
You are too small for most types of armour.
You have supernaturally acute eyesight. (SInv)
You are a herbivore.
You cover ground extremely quickly.
You need to consume almost no food.


Message History

s - 14 poisoned darts (gained 1)
You see here a scorpion corpse.
The centaur is too close now for your liking.
You start resting.
HP restored.
You start resting.
HP restored.
The centaur wields a +0 shortbow.
The centaur shoots an arrow.
The arrow barely misses you.
The centaur shoots an arrow.
The arrow misses you.
Found a potion of degeneration.
The centaur shoots an arrow.
The arrow hits you!
An adder comes into view.
The centaur unwields a +0 shortbow.
The centaur hits you.
Throwing (i - inventory. (/) - cycle)
s - 14 poisoned darts (quivered)
Press: ? - help, Shift-Dir - straight line, f - centaur
Aim: a centaur, quivering 23 arrows You throw a poisoned dart.
The poisoned dart hits the centaur.
The centaur completely misses you.
Throwing (i - inventory. (/) - cycle)
s - 13 poisoned darts (quivered)
Press: ? - help, Shift-Dir - straight line, f/p - centaur
Aim: a centaur, quivering 23 arrows You throw a poisoned dart.
The poisoned dart hits the centaur.
The centaur hits you. The centaur closely misses you.
The adder completely misses you.
You completely miss the centaur. The centaur barely misses you.
The adder misses you. The centaur completely misses you.
You closely miss the adder. The centaur misses you.
The adder completely misses you. The centaur hits you!
* * * LOW HITPOINT WARNING * * *
You closely miss the adder. The adder closely misses you.
The centaur misses you. The adder misses you.
You miss the adder. The centaur closely misses you.
The adder closely misses you.
You barely miss the adder. The centaur closely misses you. The adder bites you.
* * * LOW HITPOINT WARNING * * *
The centaur closely misses you.
Really quaff
q - a silvery potion {!q}?
It was a potion of berserk rage {!q}.
A red film seems to cover your vision as you go berserk!
You feel yourself moving faster!
You feel mighty! The adder closely misses you. The centaur misses you.
You closely miss the adder. The adder misses you.
The centaur closely misses you.
You puncture the adder!
The adder is severely wounded.
The centaur closely misses you. The adder misses you.
You miss the adder.
The adder is severely wounded.
The centaur hits you.
* * * LOW HITPOINT WARNING * * *
The adder completely misses you.
You miss the adder.
The adder is severely wounded.
The centaur hits you!
* * * LOW HITPOINT WARNING * * *
The adder misses you.
You hit the adder. Lightning courses through the adder!!
You kill the adder!
You puncture the centaur!
The centaur is heavily wounded.
The centaur hits you!
You die...

.# ### .#
..≈≈ .# .....
.# ♣....
.#### ♣♣...♣
.##.#
♣♣.....♣♣
.##.#
♣♣..!....♣♣
.##[#
♣...≈≈≈...♣
....#
♣♣..≈≈≈≈≈c@♣♣
....#
♣...≈≈_≈≈...♣
###.#
♣..≈≈≈≈≈..♣♣
.....# #.#
♣...≈≈≈...♣
#....# #.#
♣.......♣♣
.....# ###
♣♣.%...♣♣
#.....
♣♣...♣♣
#..#.#
♣♣.....♣♣
#..#.#
♣♣.......♣♣
#..#.#


You could see a centaur.

Vanquished Creatures
  A sky beast (D:5)
  3 ogres
  A phantom (D:4)
  A centaur (D:4)
  A big kobold (D:4)
  A scorpion (D:5)
  An orc priest (D:5)
  3 orc wizards
  Natasha (thrice) (D:2)
  3 worker ants
  3 gnolls (D:2)
  8 adders
  2 oozes
  3 dart slugs
  A worm (D:3)
  5 leopard geckos
  8 orcs
  9 bats
  4 giant cockroaches
  9 goblins
  4 hobgoblins
  3 jackals (D:2)
  3 quokkas
  4 frilled lizards
  A jackal skeleton (D:4)
  6 kobolds
  5 rats
96 creatures vanquished.

Notes
Turn   | Place    | Note
-------+----------+-------------------------------------------
     0 | D:1      | Amnesiac the Spriggan Hunter began the quest for the Orb.
     0 | D:1      | Reached XP level 1. HP: 10/10 MP: 2/2
   371 | D:1      | Reached XP level 2. HP: 14/14 MP: 3/3
   972 | D:1      | Reached XP level 3. HP: 18/18 MP: 4/4
  1871 | D:1      | Reached skill level 5 in Crossbows
  2029 | D:2      | Reached XP level 4. HP: 19/22 MP: 5/5
  2332 | D:2      | Noticed Natasha
  2345 | D:2      | Killed Natasha
  2449 | D:2      | Reached skill level 5 in Dodging
  2449 | D:2      | Reached XP level 5. HP: 17/25 MP: 6/6
  2453 | D:2      | Noticed Natasha
  2645 | D:2      | Killed Natasha
  2858 | D:2      | Noticed Natasha
  3220 | D:2      | Killed Natasha
  3869 | D:3      | Reached XP level 6. HP: 15/30 MP: 7/7
  5669 | D:4      | Reached XP level 7. HP: 13/33 MP: 8/8
  6449 | D:5      | Entered Level 5 of the Dungeon
  6558 | D:5      | Reached skill level 1 in Short Blades
  7043 | D:5      | Reached XP level 8. HP: 14/37 MP: 9/9
  7244 | D:5      | Found a white marble altar of Elyvilon.
  7394 | D:5      | HP: 2/55 [centaur (8)]
  7396 | D:5      | Mangled by a centaur

Levels and vault maps discovered:
D:1:      dpeg_arrival_water_temple_mockup, layout_loops_corners, st_stairs_10,
          minmay_split_cup_large
D:2:      layout_rooms, first_ration, uniq_natasha
D:3:      layout_loops_ring
D:4:      layout_loops_ring, kennysheep_flooded_box
D:5:      layout_loops_ring, elyvilon_altar_3

Skill      XL: |  1  2  3  4  5  6  7 |
---------------+----------------------+-----
Dodging        | 4 5 7 8 |  8.0
Crossbows      | 5 6 7 8 |  8.6
Short Blades   | 2 |  2.3
Fighting       | |  1.5
Stealth        | |  1.5

Action                   |  1- 3 |  4- 6 |  7- 9 || total
-------------------------+-------+-------+-------++-------
Melee: Short sword       |    84 |    24 |     1 ||   109
       Dagger            |       |       |    91 ||    91
 Fire: Hand crossbow     |    57 |    28 |    10 ||    95
       Hunting sling     |     2 |   318 |    19 ||   339
Throw: Stone             |     1 |    69 |       ||    70
       Dart              |       |    19 |    16 ||    35
  Use: Scroll            |     6 |     2 |     3 ||    11
       Potion            |       |     3 |     2 ||     5
 Stab: Sleeping          |     2 |     2 |     1 ||     5
       Invisible         |       |       |     1 ||     1
  Eat: Ration            |       |     2 |       ||     2
Armor: Robe              |    19 |    10 |     2 ||    31
       Skin              |       |       |     7 ||     7
Dodge: Dodged            |   138 |   196 |   102 ||   436
Block: Other             |       |    11 |     3 ||    14

Table legend:
 A = Non-vault XP
 B = Vault XP
 C = Vault XP percentage of total XP
 D = Non-vault monster count
 E = Vault monster count
 F = Vault count percentage of total count
                 A         B        C        D         E       F
            +---------+---------+-------+---------+---------+-------
      Total |    1498 |      45 |   2.9 |      89 |       7 |   7.3
            +---------+---------+-------+---------+---------+-------
        D:1 |      86 |       9 |   9.5 |      24 |       6 |  20.0
        D:2 |     171 |      36 |  17.4 |      23 |       1 |   4.2
        D:3 |      97 |       0 |   0.0 |      13 |       0 |   0.0
        D:4 |     553 |       0 |   0.0 |      12 |       0 |   0.0
        D:5 |     591 |       0 |   0.0 |      17 |       0 |   0.0
            +---------+---------+-------+---------+---------+-------
